 Dungeon Crawl Stone Soup version 0.28.0-53-g5a82cb258f (webtiles) character file.

Game seed: 14589049818431697437

132 Sin92 the Magician (level 4, -7/32 HPs)
             Began as a Demonspawn Hedge Wizard on July 9, 2022.
             Mangled by a gnoll
             ... wielding a +0 halberd
              (16 damage)
             ... on level 2 of the Dungeon.
             The game lasted 00:04:15 (2511 turns).

Sin92 the Magician (Demonspawn Hedge Wizard)        Turns: 2511, Time: 00:04:16

Health: -7/32      AC:  2    Str: 10 (12) XL:     4   Next: 92%
Magic:  9/9        EV: 14    Int: 14 (15) God:
Gold:   24         SH:  4    Dex: 10 (13) Spells: 8/9 levels left

rFire   . . .      SeeInvis .   d - +0 whip
rCold   . . .      Faith    .   (no shield)
rNeg    . . .      Spirit   .   b - +0 robe
rPois   .          Reflect  .   c - +0 hat
rElec   .          Harm     .   (no cloak)
rCorr   .          Rampage  .   (no gloves)
Will    .....                   (no boots)
Stlth   ++........              (no amulet)
HPRegen 0.10/turn               (no ring)
MPRegen 0.11/turn               (no ring)

@: no status effects
A: hooves 1, repulsion field 1, condensation shield
a: no special abilities


You were on level 2 of the Dungeon.
You visited 1 branch of the dungeon, and saw 2 of its levels.

You collected 24 gold pieces.

Inventory:

Hand Weapons
 a - a +0 dagger
 d - a +0 whip (weapon)
Armour
 b - a +0 robe (worn)
 c - a +0 hat (worn)


   Skills:
 + Level 1.5 Fighting
 + Level 1.2 Maces & Flails
 + Level 1.5 Armour
 - Level 1.7 Dodging
 - Level 1.7 Stealth
 + Level 3.4 Spellcasting
 + Level 2.1 Conjurations
 - Level 1.0 Summonings
 + Level 1.9 Translocations


You had 8 spell levels left.
You knew the following spells:

 Your Spells              Type           Power      Damage    Failure   Level
a - Magic Dart            Conj           32%        1d4       9%          1

Your spell library contained the following spells:

 Spells                   Type           Power      Damage    Failure   Level
 Blink                    Tloc           14%        N/A       14%         2
 Slow                     Hex            8%         N/A       21%         1
 Call Imp                 Summ           5%         N/A       21%         2
 Conjure Flame            Conj/Fire      5%         6-21      38%         3
 Mephitic Cloud           Conj/Pois/Air  4%         N/A       43%         3


Dungeon Overview and Level Annotations

Branches:
Dungeon (2/15)

Altars:
Nemelex Xobeh


Innate Abilities, Weirdness & Mutations

You have large cloven feet.
You are surrounded by a mild repulsion field. (EV +2)
A meltable shield of frost defends you. (SH +4)


Message History

Found a metallic cyan potion and a scroll labelled GAUTSI USTROB.
Found a stone staircase leading down.
A gnoll is nearby!
A gnoll and a hobgoblin come into view.
There are monsters nearby! 2 gnolls come into view.
The hobgoblin shouts!
The gnoll shouts!
There are monsters nearby!
The gnoll shouts! x2
The gnoll throws a throwing net.
The throwing net barely misses you.
There are monsters nearby!
The gnoll hits you from afar with a +0 halberd!
The gnoll throws a throwing net.
The throwing net misses you.
It was a potion of degeneration.
There was something very wrong with that liquid.
You feel weakened.
You feel dopey.
You feel clumsy. The gnoll barely misses you.
You hit the gnoll.
The gnoll is lightly wounded.
The gnoll hits you from afar with a +0 halberd.
The gnoll hits you with a +0 club.
You hit the gnoll. You kick the gnoll.
The gnoll is severely wounded.
The gnoll closely misses you. x2
You barely miss the gnoll. Your kick misses the gnoll.
The gnoll is severely wounded.
The gnoll hits you from afar with a +0 halberd!
The gnoll completely misses you.
You hit the gnoll.
You kill the gnoll!
The gnoll barely misses you.
You hit the gnoll.
The gnoll is moderately wounded.
The gnoll barely misses you. The gnoll hits you with a +4 whip.
* * * LOW HITPOINT WARNING * * *
You hit the gnoll but do no damage.
The gnoll is moderately wounded.
The gnoll hits you from afar with a +0 halberd!
Ouch! That really hurt!
You die...

########### #.........# #
#......?..# ## #.........#
######. #.........#
###......
#.........##########...#####
#........g##.........###
#........gg@.#########
#.......(g#### #.........#
###..##.!.# ...# ###>#
...... #### #.. #. ...... .
###. .. .. ...## . #. ..#.
...# .# #.#.# #.###.#


You could see 3 gnolls and a hobgoblin.

Vanquished Creatures
  Natasha (thrice) (D:2)
  A gnoll (D:2)
  An adder (D:2)
  A worm (D:2)
  A ball python (D:1)
  A bat (D:1)
  3 endoplasms
  3 giant cockroaches (D:1)
  5 goblins
  2 hobgoblins (D:1)
  6 jackals (D:2)
  3 frilled lizards
  3 kobolds (D:1)
  5 rats (D:1)
38 creatures vanquished.

Notes
Turn   | Place    | Note
-------+----------+-------------------------------------------
     0 | D:1      | Sin92 the Demonspawn Hedge Wizard began the quest for the
                  | Orb.
     0 | D:1      | Reached XP level 1. HP: 13/13 MP: 4/4
   275 | D:1      | Reached skill level 1 in Translocations
   388 | D:1      | Gained mutation: A meltable shield of frost defends you.
                  | (SH +4) [demonic ancestry]
   388 | D:1      | Reached XP level 2. HP: 6/20 MP: 1/6
  1490 | D:2      | Found a sparkling altar of Nemelex Xobeh.
  1536 | D:2      | Gained mutation: You are surrounded by a mild repulsion
                  | field. (EV +2) [demonic ancestry]
  1536 | D:2      | Reached XP level 3. HP: 10/25 MP: 7/7
  1855 | D:2      | Noticed Natasha
  1857 | D:2      | Reached skill level 1 in Armour
  1866 | D:2      | Reached skill level 1 in Fighting
  1875 | D:2      | Killed Natasha
  1876 | D:2      | Reached skill level 1 in Maces & Flails
  1876 | D:2      | Gained mutation: You have large cloven feet. [demonic
                  | ancestry]
  1876 | D:2      | Reached XP level 4. HP: 3/32 MP: 3/8
  2025 | D:2      | Noticed Natasha
  2035 | D:2      | Killed Natasha
  2074 | D:2      | Noticed Natasha
  2076 | D:2      | Killed Natasha
  2511 | D:2      | Mangled by a gnoll

Illustrated notes

Levels and vault maps discovered:
D:1:      ebering_trefoil_3fold, layout_loops_ring
D:2:      layout_rooms, basic_altar, uniq_natasha

Skill      XL: |  1  2  3  4 |
---------------+-------------+-----
Translocations | 1 |  1.9
Armour         | 1 |  1.5
Fighting       | 1 |  1.5
Maces & Flails | 1 |  1.2
Conjurations   | 2 |  2.1
Dodging        | |  1.7
Stealth        | |  1.7
Spellcasting   | |  3.4
Summonings     | |  1.0

Action                   |  1- 3 |  4- 6 || total
-------------------------+-------+-------++-------
Melee: Dagger            |    22 |       ||    22
       Whip              |   102 |    13 ||   115
       Punch             |     2 |       ||     2
       Kick              |       |     4 ||     4
 Cast: Magic Dart        |    23 |     8 ||    31
  Use: Potion            |       |     2 ||     2
 Stab: Sleeping          |     6 |     1 ||     7
       Distracted        |       |     1 ||     1
Armor: Robe              |    13 |       ||    13
Dodge: Dodged            |    83 |     9 ||    92
Block: Other             |    18 |     1 ||    19
